 Dungeon Crawl Stone Soup version 0.24.1-4-ge52af88ad5 (webtiles) character file.

Game seed: 11650775118994271487, levelgen mode: deterministic

81 Peloso the Shield-Bearer (level 4, -7/40 HPs)
             Began as a Minotaur Fighter on Apr 13, 2020.
             Killed by nerve-wracking pain
             ... invoked by Grinder
              (13 damage)
             ... on level 3 of the Dungeon.
             The game lasted 00:03:07 (1311 turns).

Peloso the Shield-Bearer (Minotaur Fighter)         Turns: 1311, Time: 00:03:08

Health: -7/40      AC:  9    Str: 20    XL:     4   Next: 19%
Magic:  3/3        EV:  3    Int: 10    God:
Gold:   104        SH: 14    Dex: 11    Spells: 3/3 levels left

rFire    . . .     SeeInvis .   a - +0 long sword
rCold    . . .     Gourm    .   i - +0 large shield
rNeg     . . .     Faith    .   h - +0 chain mail
rPois    .         Spirit   .   (helmet restricted)
rElec    .         Reflect  .   (no cloak)
rCorr    .         Harm     .   (no gloves)
MR       .....                  (no boots)
Stlth    ..........             (no amulet)
HPRegen  0.13/turn              (no ring)
MPRegen  0.08/turn              (no ring)

@: brilliant
A: retaliatory headbutt, horns 2
a: no special abilities


You were on level 3 of the Dungeon.
You were very hungry.

You visited 1 branch of the dungeon, and saw 3 of its levels.

You collected 104 gold pieces.

Inventory:

Hand Weapons
 a - a +0 long sword (weapon)
Armour
 b - a +0 scale mail of magic resistance
 c - a +0 shield
 h - a +0 chain mail (worn)
 i - a +0 large shield (worn)
Jewellery
 m - an uncursed ring of magical power {unknown}
Wands
 o - a wand of random effects (11)
Scrolls
 e - 6 scrolls of teleportation {unknown}
 g - 4 scrolls of identify {unknown}
 j - a scroll of magic mapping {unknown}
 k - a scroll of random uselessness {unknown}
 l - 2 scrolls of fog {unknown}
Potions
 d - a potion of might
 n - a potion of brilliance
Comestibles
 f - 3 rations


   Skills:
 + Level 4.1 Fighting
 + Level 3.4 Long Blades
 + Level 4.2 Armour
 + Level 0.7 Dodging
 + Level 4.5 Shields


You had 3 spell levels left.
You didn't know any spells.
Your spell library was empty.

Dungeon Overview and Level Annotations

Branches:
Dungeon (3/15)

Altars:
Fedhas

Annotations:
D:3 Grinder


Innate Abilities, Weirdness & Mutations

You reflexively headbutt those who attack you in melee.
You have a pair of horns on your head.


Message History

Press: ? - help, Shift-Dir - straight line, f/p - Grinder
Aim: Grinder (severely wounded) Grinder flickers and vanishes!
Deactivating autopickup; reactivate with Ctrl-A.
Evoke which item? (* to show all) (? for menu, Esc to quit)
Aiming: Random Effects
Press: ? - help, Shift-Dir - straight line Evoke which item? (* to show all) (? for menu, Esc to quit)
Aiming: Random Effects
Press: ? - help, Shift-Dir - straight line Nothing appears to happen.
You suddenly lose the ability to move!
A frilled lizard comes into view.
Something hits you.
* * * LOW HITPOINT WARNING * * *
You writhe in agony.
* * * LOW HITPOINT WARNING * * *
You can move again.
Unknown command.
Pain shoots through your body!
You die...

.# .. #. ###. ####...
#####. #......
###......
......{######...######
...(......@ยง.l<.[.....
#......######.###.####
##.#..# #.# #
##.........# #
.##.#####


You could see a frilled lizard.

Vanquished Creatures
  Terence (D:2)
  An adder (D:2)
  3 worms (D:2)
  4 leopard geckos (D:2)
  3 bats
  3 giant cockroaches
  4 hobgoblins
  A frilled lizard (D:1)
  7 goblins
  2 kobolds
  8 rats
37 creatures vanquished.

Notes
Turn   | Place    | Note
-------+----------+-------------------------------------------
     0 | D:1      | Peloso the Minotaur Fighter began the quest for the Orb.
     0 | D:1      | Reached XP level 1. HP: 19/19 MP: 0/0
   193 | D:1      | Reached XP level 2. HP: 13/27 MP: 1/1
   620 | D:2      | Noticed Terence
   634 | D:2      | Killed Terence
   634 | D:2      | Reached XP level 3. HP: 33/33 MP: 2/2
   907 | D:2      | Reached XP level 4. HP: 24/40 MP: 3/3
   914 | D:2      | Found a blossoming altar of Fedhas.
  1277 | D:3      | Noticed Grinder
  1296 | D:3      | Paralysed by Grinder for 5 turns
  1306 | D:3      | Paralysed by something for 5 turns
  1311 | D:3      | Killed from afar by Grinder

Levels and vault maps discovered:
D:1:      lightli_arrival_quake, layout_loops_ring, minmay_misc_feat_plants
D:2:      layout_rooms, fedhas_ov_isle_minmay, uniq_terence
D:3:      layout_rooms, uniq_grinder

Skill      XL: |  1  2 |
---------------+-------+-----
Fighting       | 4 |  4.1
Long Blades    | 3 |  3.4
Armour         | 4 |  4.2
Shields        | 4 |  4.5
Dodging        | |  0.7

Action                   |  1- 3 |  4- 6 || total
-------------------------+-------+-------++-------
Melee: Long sword        |    95 |    14 ||   109
       Headbutt          |    23 |     2 ||    25
Evoke: Wand              |       |     4 ||     4
  Use: Potion            |     2 |     1 ||     3
Armor: Scale mail        |    26 |       ||    26
       Chain mail        |    25 |     9 ||    34
Dodge: Dodged            |    11 |     1 ||    12
Block: Shield            |    19 |       ||    19
       Large shield      |    57 |     2 ||    59
       Rpst.: Long sword |     3 |       ||     3
